 Dungeon Crawl Stone Soup version 0.15-a0-1065-g55a2cfc (webtiles) character file.

8684 rodrick the Shield-Bearer (level 11, 2/64 HPs)
             Began as a Gargoyle Fighter on May 25, 2014.
             Was a High Priest of Cheibriados.
             Quit the game on Level 2 of the Lair of Beasts on May 26, 2017.
             The game lasted 00:41:20 (9450 turns).

rodrick the Shield-Bearer (Gargoyle Fighter)        Turns: 9450, Time: 00:41:21

HP   2/64        AC 15     Str 36      XL: 11   Next: 34%
MP  15/23        EV 12     Int 24      God: Cheibriados [*****.]
Gold 544         SH 29     Dex 23      Spells:  3 memorised, 12 levels left

rFire  . . .     SeeInvis .     G - +2,+3 flail
rCold  . . .     Clarity  .     b - +0 scale mail
rNeg   + + .     Conserve .     c - +1 shield
rPois  +         rCorr    .     (helmet restricted)
rElec  +         rRot     +     (no cloak)
SustAb .         Spirit   .     (no gloves)
rMut   .         Warding  +     (no boots)
Gourm  .         Stasis   .     m - amulet of warding
MR     .....                    (no ring)
                                r - ring of stealth

@: very slow, not resistant to hostile enchantments, fairly stealthy
A: horns 1, life protection 1, electricity resistance, unbreathing,
petrification resistance, rot immunity, AC +7
a: Bend Time, Temporal Distortion, Slouch, Step From Time, Renounce Religion


You were on level 2 of the Lair of Beasts.
You worshipped Cheibriados.
Cheibriados was extremely pleased with you.
You were not hungry.

You visited 2 branches of the dungeon, and saw 10 of its levels.

You collected 544 gold pieces.

Inventory:

Hand weapons
 G - a +2,+3 flail (weapon)
Armour
 b - a +0 scale mail (worn)
 c - a +1 shield (worn)
Magical devices
 v - a wand of slowing (7)
 D - a wand of frost (0)
Comestibles
 a - 2 bread rations
 f - 10 fruits
 K - a meat ration
Scrolls
 e - a scroll of identify
 g - 4 scrolls of magic mapping
 h - 3 scrolls of teleportation
 o - 3 scrolls of remove curse
 y - a scroll of fear
 M - a scroll of fog
Jewellery
 m - an amulet of warding (around neck)
 r - a ring of stealth (left hand)
Potions
 d - a potion of strong poison {unknown}
 i - 2 potions of brilliance
 j - 2 potions of curing
 p - 5 potions of heal wounds
 t - 3 potions of resistance
 H - 2 potions of flight
 J - a potion of cure mutation {unknown}
 L - 2 potions of haste {unknown}


   Skills:
 + Level 5.7 Fighting
 * Level 7.0 Maces & Flails
 + Level 2.2 Throwing
 + Level 6.5 Armour
 + Level 4.9 Dodging
 + Level 4.9 Stealth
 + Level 7.9 Shields
 * Level 5.1 Spellcasting
 * Level 4.8 Conjurations
 * Level 5.0 Fire Magic
 * Level 5.0 Invocations
 + Level 1.4 Evocations


You had 12 spell levels left.
You knew the following spells:

 Your Spells              Type           Power        Failure   Level  Hunger
a - Magic Dart            Conj           ####         6%          1    None
b - Fireball              Conj/Fire      ####......   97%         5    #####..
c - Searing Ray           Conj           ####..       10%         2    None


Dungeon Overview and Level Annotations

Branches:
Dungeon (8/15)             Temple (0/1) D:6            Lair (2/8) D:8

Altars:
Cheibriados
Gozag
Kikubaaqudgha
Makhleb
Okawaru
Yredelemnul
The Shining One

Shops:
D:4 }


Innate Abilities, Weirdness & Mutations

You are resistant to torment.
You are immune to poison.
Your stone body is very resilient (AC +7).
You resist negative energy.
You are resistant to electric shocks.
You can survive without breathing.
You are immune to petrification.
You are immune to rotting.
You have a pair of small horns on your head.


Message History

* * * LOW HITPOINT WARNING * * *
Use which ability? (? or * to list)
You can feel time thicken for a moment.
You kill the eight-headed hydra!
Cheibriados thoroughly appreciates the change of pace.
Cheibriados raises the support of your attributes as your movement slows.
Your Fire Magic skill increases to level 5!
Your Invocations skill increases to level 5!
You kill the rat!
Cheibriados appreciates the change of pace.
You feel somewhat more hungry.
Cheibriados reduces the support of your attributes as your movement quickens.
Saving game... please wait.
Welcome back, rodrick the Gargoyle Fighter.
Cheibriados says: Take it easy.
Press ? for a list of commands and other information.
Welcome back, rodrick the Gargoyle Fighter.
Cheibriados says: Take it easy.
Press ? for a list of commands and other information.
Are you sure you want to abandon this character and quit the game? (Confirm with "yes".)

.................................
.................................
..................... .........
..................##. #........
..................P# ##.......P
...........%.%....## #........#
..................# ##.......#
..................##..[.#........
........(.(....%@................
.............................
....>.......................
...........................
.......................... ..
....................... .....
...................... ......
..................... .......
................%.


There were no monsters in sight!

Vanquished Creatures
  A hydra (Lair:2)
  Joseph (D:7)
  A black mamba (Lair:2)
  2 komodo dragons
  2 spiny frogs (Lair:2)
  Grinder (D:6)
  Prince Ribbit (D:6)
  A basilisk (Lair:1)
  A hippogriff (Lair:2)
  4 yaks
  Eustachio (D:8)
  A hill giant skeleton (D:8)
  A deep elf fighter (D:8)
  4 water moccasins
  A porcupine (Lair:1)
  A black bear (D:7)
  An ice beast (D:6)
  An orc warrior (D:7)
  2 phantoms (D:7)
  4 ogres
  2 centaurs
  7 crocodiles
  Sigmund (D:6)
  Duvessa (D:7)
  6 giant frogs
  2 giant slugs (Lair:1)
  2 big kobolds
  4 wights (D:6)
  2 scorpions
  Dowan (D:7)
  4 crimson imps
  2 goliath beetles
  6 hounds
  A jelly (D:5)
  2 quasits
  An orc priest (D:4)
  7 worker ants
  4 iguanas
  3 orc wizards
  A hound zombie (D:8)
  An ogre skeleton (D:7)
  10 adders
  Natasha (D:4)
  A shadow imp (D:5)
  A giant mite (D:4)
  25 green rats
  A goliath beetle zombie (D:6)
  3 worms (D:4)
  An iguana skeleton (D:5)
  4 giant geckos
  2 oozes
  17 orcs
  A ball python (D:8)
  20 bats
  16 hobgoblins
  26 jackals
  7 quokkas
  8 giant cockroaches
  13 giant newts
  12 goblins
  A goblin skeleton (D:4)
  13 kobolds
  A kobold skeleton (D:7)
  A kobold zombie (D:5)
  20 rats
  2 rat zombies
299 creatures vanquished.

Vanquished Creatures (others)
  Natasha (D:4)
  An orc (D:6)
  2 fungi (D:8)
4 creatures vanquished.

Grand Total: 303 creatures vanquished

Notes
Turn   | Place    | Note
--------------------------------------------------------------
     0 | D:1      | rodrick, the Gargoyle Fighter, began the quest for the Orb.
     0 | D:1      | Reached XP level 1. HP: 14/14 MP: 1/1
   398 | D:1      | Reached XP level 2. HP: 19/19 MP: 2/2
  1050 | D:2      | Reached XP level 3. HP: 22/24 MP: 3/3
  1283 | D:2      | Reached skill level 1 in Dodging
  1283 | D:2      | Reached XP level 4. HP: 29/29 MP: 4/4
  1387 | D:2      | Reached skill level 4 in Fighting
  1913 | D:3      | Reached XP level 5. HP: 29/33 MP: 5/5
  1942 | D:3      | Found an ancient bone altar of Kikubaaqudgha.
  1950 | D:3      | Found a burning altar of Makhleb.
  1950 | D:3      | Found a basalt altar of Yredelemnul.
  2100 | D:3      | Found a glowing golden altar of the Shining One.
  2583 | D:4      | Found Cueklept's Gadget Shoppe.
  2702 | D:3      | Found a snail-covered altar of Cheibriados.
  2702 | D:3      | Found an opulent altar of Gozag.
  2714 | D:3      | Became a worshipper of Cheibriados the Contemplative
  2773 | D:4      | Reached XP level 6. HP: 37/39 MP: 6/6
  2853 | D:4      | Noticed Natasha
  2870 | D:4      | Killed Natasha
  2918 | D:4      | Noticed Natasha
  2923 | D:4      | Killed Natasha
  3429 | D:4      | Reached skill level 1 in Spellcasting
  3534 | D:4      | Reached skill level 1 in Throwing
  3689 | D:5      | Entered Level 5 of the Dungeon
  3837 | D:5      | Reached XP level 7. HP: 37/44 MP: 9/9
  4243 | D:6      | Noticed Grinder
  4268 | D:6      | Killed Grinder
  4268 | D:6      | Reached skill level 1 in Stealth
  4369 | D:6      | Reached skill level 5 in Armour
  4369 | D:6      | Reached skill level 5 in Shields
  4369 | D:6      | Reached XP level 8. HP: 22/48 MP: 13/13
  4564 | D:6      | Found an iron altar of Okawaru.
  4763 | D:6      | Learned a level 1 spell: Magic Dart
  4779 | D:6      | Noticed Sigmund
  4820 | D:6      | Killed Sigmund
  4820 | D:6      | Reached skill level 1 in Evocations
  4949 | D:6      | Noticed Prince Ribbit
  4995 | D:6      | Learned a level 5 spell: Fireball
  4999 | D:6      | Found a staircase to the Ecumenical Temple.
  5116 | D:6      | Reached skill level 1 in Fire Magic
  5120 | D:6      | Reached skill level 1 in Conjurations
  5195 | D:6      | Killed Prince Ribbit
  5195 | D:6      | Reached skill level 5 in Fighting
  5195 | D:6      | Reached skill level 5 in Maces & Flails
  5510 | D:6      | Reached XP level 9. HP: 54/54 MP: 16/16
  5591 | D:6      | Acquired Cheibriados' first power
  6041 | D:7      | Reached skill level 6 in Shields
  6049 | D:7      | Reached skill level 1 in Invocations
  6111 | D:7      | Noticed Joseph
  6125 | D:7      | Killed Joseph
  6170 | D:7      | Noticed Dowan
  6182 | D:7      | Noticed Duvessa
  6195 | D:7      | Killed Duvessa
  6196 | D:7      | Killed Dowan
  6477 | D:7      | Gained mutation: You have a pair of small horns on your head. [potion of beneficial mutation]
  6536 | D:8      | Acquired Cheibriados' second power
  6543 | D:8      | Reached XP level 10. HP: 33/59 MP: 20/20
  6738 | D:8      | Noticed Eustachio
  6755 | D:8      | Killed Eustachio
  7218 | D:8      | Found a staircase to the Lair.
  7228 | Lair:1   | Entered Level 1 of the Lair of Beasts
  7251 | Lair:1   | Learned a level 2 spell: Searing Ray
  7363 | Lair:1   | Acquired Cheibriados' third power
  8037 | Lair:1   | Reached skill level 7 in Shields
  8739 | Lair:2   | Reached XP level 11. HP: 57/64 MP: 22/22
  8752 | Lair:2   | Reached skill level 5 in Spellcasting
  9050 | Lair:2   | Noticed a black mamba
  9056 | Lair:2   | Killed a black mamba
  9437 | Lair:2   | Noticed an eight-headed hydra
  9448 | Lair:2   | HP: 2/64 [eight-headed hydra (7)]
  9449 | Lair:2   | Killed an eight-headed hydra
  9449 | Lair:2   | Reached skill level 5 in Fire Magic
  9449 | Lair:2   | Reached skill level 5 in Invocations
  9450 | Lair:2   | Upgraded the game from 0.15-a0-1010-g817b8bc to 0.15-a0-1065-g55a2cfc
  9450 | Lair:2   | Quit the game

Action                   |  1- 3 |  4- 6 |  7- 9 | 10-12 || total
-------------------------+-------+-------+-------+-------++-------
Melee: Flail             |   110 |   319 |   392 |   332 ||  1153
Throw: Tomahawk          |       |     8 |    12 |    13 ||    33
       Dart              |       |       |     2 |     5 ||     7
 Cast: Searing Ray       |       |       |       |     5 ||     5
Invok: Temporal Distorti |       |       |     2 |       ||     2
       Slouch            |       |       |       |     2 ||     2
Evoke: Wand              |       |     6 |    26 |     6 ||    38
  Use: Scroll            |       |    13 |     9 |       ||    22
       Potion            |       |     2 |     7 |     1 ||    10
 Stab: Confused          |       |       |     8 |       ||     8
       Paralysed         |       |       |     6 |       ||     6
       Invisible         |       |       |     5 |       ||     5
       Sleeping          |       |       |     2 |    10 ||    12
